AoeStats
← Matthew

Hill Fort

506002965Analyzed
2v2 RM · 21d ago on Sep 12, 2026· 59m 39s· 4 players
Game mode
Random Map
Map size
Medium (4 player)
Population
200
Speed
Normal
Resources
Standard
Victory
Conquest
Starting age
Dark Age
Ending age
Imperial Age
RankedLock teamsTeams togetherTeam positionsShared explorationLock speedFull tech treeHidden civsTurbo modeCheats
Victory
Defeat
🇦🇺 Chinese · Australia
1593
+12
🇦🇺 Berbers · Australia
1559
+14
🇦🇺 Wu · Australia
1510
-13
🇦🇺 Hindustanis · Australia
1507
-13
Lloydy_23
9:33 Feudal Age
10:01 Double-Bit Axe
9:38 Man-at-Arms
10:37 Loom
13:57 Arson
15:07 Horse Collar
16:08 Forging
18:28 Wheelbarrow
21:26 Castle Age
20:41 Scale Barding Armor
20:48 Bloodlines
21:43 Light Cavalry
22:44 Chain Barding Armor
23:12 Husbandry
23:54 Bow Saw
27:44 Hand Cart
27:57 Heavy Plow
29:42 Iron Casting
35:23 Imperial Age
33:42 Scale Mail Armor
35:07 Chain Mail Armor
35:14 Fletching
35:50 Ballistics
36:41 Plate Barding Armor
35:27 Hussar
39:52 Bodkin Arrow
43:05 Conscription
44:10 Elite Ghulam
50:06 Chemistry
52:44 Shatagni
52:59 Padded Archer Armor
54:29 Leather Archer Armor
56:27 Ring Archer Armor
56:27 Bracer
56:59 Caravan
57:06 Siege Engineers
58:13 Elite Skirmisher
58:59 Thumb Ring
60:05 Blast Furnace
Stev
7:09 Loom
9:13 Feudal Age
9:54 Double-Bit Axe
12:30 Fletching
21:37 Castle Age
20:36 Padded Archer Armor
20:30 Gold Mining
21:45 Crossbowman
22:21 Bodkin Arrow
24:25 Bow Saw
24:47 Horse Collar
26:47 Gold Shaft Mining
27:01 Ballistics
28:16 Town Watch
30:35 Wheelbarrow
31:40 Heavy Plow
37:01 Imperial Age
35:30 Hand Cart
36:48 Masonry
36:18 Treadmill Crane
37:03 Arbalester
37:14 Elite Skirmisher
38:23 Bracer
38:38 Leather Archer Armor
42:29 Conscription
43:06 Town Patrol
44:08 Chemistry
43:38 Architecture
44:48 Sitting Tiger
45:16 Elite Fire Archer
49:41 Guilds
50:01 Coinage
49:33 Caravan
TDI
5:11 Loom
12:46 Feudal Age
16:44 Castle Age
14:47 Double-Bit Axe
14:44 Horse Collar
15:11 Gold Mining
15:22 Fletching
17:45 Bow Saw
20:33 Bodkin Arrow
24:52 Ballistics
26:41 Padded Archer Armor
29:32 Bloodlines
32:27 Leather Archer Armor
33:46 Wheelbarrow
35:06 Town Watch
37:42 Hand Cart
41:35 Imperial Age
41:03 Husbandry
42:18 Bracer
43:24 Chemistry
42:43 Thumb Ring
43:04 Conscription
43:06 Elite Camel Archer
46:14 Ring Archer Armor
46:55 Maghrebi Camels
48:53 Hoardings
49:34 Caravan
Matthew
0:25 Loom
10:54 Feudal Age
15:07 Castle Age
18:26 Double-Bit Axe
18:22 Horse Collar
19:51 Bow Saw
24:31 Heavy Plow
24:22 Gold Mining
26:45 Wheelbarrow
25:55 Town Watch
26:25 Scale Mail Armor
26:36 Forging
28:08 Chain Mail Armor
28:42 Hand Cart
29:09 Iron Casting
29:14 Squires
32:24 Gold Shaft Mining
31:40 Stone Mining
36:59 Imperial Age
37:16 Coinage
36:46 Caravan
38:37 Plate Mail Armor
37:28 Elite Fire Lancer
39:22 Blast Furnace
41:58 Banking
42:12 Heavy Rocket Cart
43:00 Pikeman
46:19 Rocketry
48:34 Conscription
51:12 Capped Ram
52:12 Siege Ram
54:16 Two-Man Saw
55:16 Masonry
57:01 Fletching
57:11 Padded Archer Armor
57:42 Bodkin Arrow
58:39 Elite Skirmisher
Connection lost

Rejoining the realm…

Still unreachable

The connection could not be restored.

Session expired

The server has moved on; the page needs a fresh start.